 Dungeon Crawl Stone Soup version 0.22-a0-362-g535178c (webtiles) character file.

544 mortelune the Distorting Demonspawn (level 7, -2/55 HPs)
             Began as a Demonspawn Abyssal Knight on Apr 20, 2018.
             Was a Believer of Lugonu.
             Splashed by a jelly's acid (7 damage)
             ... on level 5 of the Dungeon.
             The game lasted 00:10:24 (5147 turns).

mortelune the Distorting Demonspawn (DsAK)          Turns: 5147, Time: 00:10:25

Health: -2/55      AC: -9    Str: 14    XL:     7   Next: 6%
Magic:  0/10       EV: 10    Int: 13    God:    Lugonu [**....]
Gold:   229        SH:  0    Dex: 13    Spells: 6/6 levels left

rFire    . . .     SeeInvis .   a - +1 falchion
rCold    . . .     Gourm    .   (no shield)
rNeg     . . .     Faith    .   h - +0 scale mail
rPois    .         Spirit   +   (no helmet)
rElec    .         Reflect  .   p - scarf {Spirit}
rCorr    .         Harm     .   (no gloves)
MR       .....                  (no boots)
Stlth    ..........             (no amulet)
HPRegen  0.18/turn              (no ring)
MPRegen  0.12/turn              (no ring)

@: corroded
A: hooves 2
a: Depart the Abyss, Bend Space, Renounce Religion


You were on level 5 of the Dungeon.
You worshipped Lugonu.
Lugonu was pleased with you.
You were not hungry.

You visited 1 branch of the dungeon, and saw 5 of its levels.
You visited the Abyss 1 time.

You collected 229 gold pieces.

Inventory:

Hand Weapons
 a - a +1 falchion (weapon)
Armour
 b - a +0 leather armour
 e - a +0 ring mail
 h - a +0 scale mail (worn)
 p - a scarf of spirit shield (worn)
Scrolls
 d - a scroll of fog
 f - a scroll of magic mapping {unknown}
 g - a scroll of immolation {unknown}
 m - 3 scrolls of identify
 n - 2 scrolls of amnesia
 o - a scroll of teleportation {unknown}
 r - 2 scrolls of remove curse {unknown}
 s - a scroll of fear {unknown}
Potions
 i - a potion of lignification
 j - a potion of mutation
 l - 3 potions of haste
 q - a potion of brilliance
Comestibles
 c - 9 rations


   Skills:
 + Level 4.4 Fighting
 * Level 4.4 Long Blades
 - Level 2.0 Armour
 + Level 3.0 Dodging
 + Level 5.0 Invocations


You had 6 spell levels left.
You didn't know any spells.

Dungeon Overview and Level Annotations

Branches:
Dungeon (5/15)             Temple (0/1) D:5

Altars:
Dithmenos
Ru
Trog
Vehumet
Wu Jian

Shops:
D:4 *

Annotations:
D:2 Sigmund
D:3 RoseArtemis's ghost, weakling HOMo
D:4 2 transporters, Blork the orc


Innate Abilities, Weirdness & Mutations

You have hoof-like feet.


Message History

The jelly is lightly wounded.
The jelly hits you but does no damage.
You hit the jelly but do no damage. The acid corrodes you!
Your hands burn!
The jelly is lightly wounded.
The jelly hits you. The acid corrodes you!
You are splashed with acid!
The acid burns!
You hit the jelly but do no damage. The acid corrodes you!
Your hands burn!
The jelly is lightly wounded.
The jelly hits you.
* * * LOW HITPOINT WARNING * * *
You are splashed with acid!
The acid burns!
* * * LOW HITPOINT WARNING * * *
You hit the jelly but do no damage.
Your hands burn!
* * * LOW HITPOINT WARNING * * *
You kick the jelly, but do no damage.
The jelly is lightly wounded.
The jelly hits you.
* * * LOW HITPOINT WARNING * * *
The acid corrodes you!
You are splashed with acid!
The acid burns!
You die...

>.............
...............
#..#............
........(.......
..#...........#
#.............+
#.....J.....#
#...)@# #.....#
#.....# #.....#
#.....# #.
###.....#
#.##...(...#
#.##.....###
######.##.....#


You could see a jelly.

Vanquished Creatures
  Edmund (D:4)
  An ogre (D:4)
  A centaur (D:5)
  A howler monkey (D:4)
  A hound (D:4)
  An orc priest (D:3)
  A bullfrog skeleton (D:4)
  4 adders
  A howler monkey skeleton (D:4)
  2 oozes
  A worm (D:2)
  A dart slug (D:1)
  3 leopard geckos
  9 orcs
  3 ball pythons
  9 bats
  5 giant cockroaches
  7 hobgoblins
  2 quokkas
  7 frilled lizards
  6 goblins
  A jackal skeleton (D:4)
  5 kobolds
  A quokka skeleton (D:4)
  6 rats
80 creatures vanquished.

Notes
Turn   | Place    | Note
-------+----------+-------------------------------------------
     0 | Abyss:1  | mortelune the Demonspawn Abyssal Knight began the quest for the Orb.
     0 | Abyss:1  | Reached XP level 1. HP: 18/18 MP: 2/2
   100 | Abyss:1  | Noticed a bone dragon
   101 | D:1      | Escaped the Abyss
   260 | D:1      | Reached skill level 1 in Dodging
   391 | D:1      | Gained mutation: You have large cloven feet. [demonic ancestry]
   391 | D:1      | Reached XP level 2. HP: 24/24 MP: 4/4
   411 | D:1      | Reached * piety under Lugonu
   771 | D:1      | Reached skill level 3 in Invocations
   916 | D:1      | Gained mutation: You have hoof-like feet. [demonic ancestry]
   916 | D:1      | Reached XP level 3. HP: 28/29 MP: 5/5
  1150 | D:2      | Noticed Sigmund
  1984 | D:2      | Reached XP level 4. HP: 14/35 MP: 6/6
  2212 | D:3      | Found a bloodstained altar of Trog.
  2634 | D:3      | Reached ** piety under Lugonu
  2647 | D:3      | Found a radiant altar of Vehumet.
  2861 | D:3      | Noticed RoseArtemis's ghost (weakling HOMo)
  3178 | D:2      | Found a shadowy altar of Dithmenos.
  3474 | D:4      | Noticed a centaur
  3477 | D:4      | Noticed a necrophage
  3478 | D:4      | Found a transporter.
  3479 | D:4      | Noticed an ice beast
  3479 | D:4      | Found a transporter.
  3479 | D:4      | Found a sacrificial altar of Ru.
  3501 | D:4      | Found an ornate altar of the Wu Jian Council.
  3554 | D:4      | Reached XP level 5. HP: 34/42 MP: 4/7
  3625 | D:4      | Found Coezoriv's Assorted Antiques.
  3688 | D:4      | Reached skill level 4 in Invocations
  3711 | D:4      | Noticed an ogre
  3721 | D:4      | Killed an ogre
  3721 | D:4      | Reached XP level 6. HP: 48/48 MP: 9/9
  3837 | D:4      | Noticed Edmund
  4326 | D:4      | Noticed Blork the orc
  4818 | D:4      | Killed Edmund
  5109 | D:5      | Entered Level 5 of the Dungeon
  5111 | D:5      | Found a staircase to the Ecumenical Temple.
  5143 | D:5      | Reached skill level 5 in Invocations
  5143 | D:5      | Reached XP level 7. HP: 40/55 MP: 6/10
  5147 | D:5      | Splashed by a jelly's acid

Vault maps used:
D:1:      dpeg_arrival_rhombus
D:2:      nicolae_overflow_crystal_walls, serial_bayou_crossing, uniq_sigmund
D:3:      bloody_trog, lemuel_crystal_altar, first_ration
D:4:      gammafunk_temple_overflow_arena, serial_shops, nicolae_shop_crystal,
          kennysheep_doodads, kennysheep_generic_room_13, uniq_edmund,
          uniq_blork_the_orc
D:5:      temple_statues, nicolae_gozag_seed_capital

Skill      XL: |  1  2  3  4  5  6 |
---------------+-------------------+-----
Dodging        | 1 2 3 |  3.0
Long Blades    | 2 3 4 |  4.4
Armour         | 2 |  2.0
Invocations    | 3 4 5 |  5.0
Fighting       | 4 |  4.4

Action                   |  1- 3 |  4- 6 |  7- 9 || total
-------------------------+-------+-------+-------++-------
Melee: Falchion          |   120 |   174 |     4 ||   298
       Kick              |    21 |    54 |     2 ||    77
Invok: Depart the Abyss  |     1 |       |       ||     1
       Bend Space        |       |     1 |       ||     1
  Use: Scroll            |     4 |     4 |       ||     8
       Potion            |       |     3 |       ||     3
  Eat: Chunk             |     3 |     7 |       ||    10
       Ration            |       |     1 |       ||     1
Armor: Ring mail         |    58 |       |       ||    58
       Scale mail        |       |    86 |     1 ||    87
Dodge: Dodged            |    92 |    91 |       ||   183
       Rpst.: Falchion   |    31 |    35 |       ||    66

Table legend:
 A = Spawn XP
 B = Non-spawn XP
 C = Spawn XP percentage of total XP
 D = Spawn monster count
 E = Non-spawn monster count
 F = Spawn count percentage of total count
 G = Total turns spent on level
                    A         B        C        D         E        F      G
               +---------+---------+-------+---------+---------+-------+---------
         Total |       0 |     778 |   0.0 |       0 |      80 |   0.0 |  5147
               +---------+---------+-------+---------+---------+-------+---------
           D:1 |       0 |      47 |   0.0 |       0 |      23 |   0.0 |  1187
           D:2 |       0 |      29 |   0.0 |       0 |      16 |   0.0 |  1086
           D:3 |       0 |     114 |   0.0 |       0 |      25 |   0.0 |  1519
           D:4 |       0 |     463 |   0.0 |       0 |      14 |   0.0 |  1216
           D:5 |       0 |     125 |   0.0 |       0 |       2 |   0.0 |    38
               +---------+---------+-------+---------+---------+-------+---------
